 Dungeon Crawl Stone Soup version 0.29.0-4-gdea44cf6ec (webtiles) character file.

Game seed: 9391432138773251480

4175 qw the Cleaver (level 10, 0/80 HPs)
             Began as a Formicid Cinder Acolyte on Sept 3, 2022.
             Was a Believer of Ignis.
             Succumbed to a kobold brigand's curare-tipped dart
             ... on level 7 of the Dungeon.
             The game lasted 00:05:51 (11603 turns).

qw the Cleaver (Formicid Cinder Acolyte)           Turns: 11603, Time: 00:05:52

Health: 0/80       AC: 12    Str: 23    XL:     10   Next: 53%
Magic:  11/11      EV:  8    Int: 14    God:    Ignis [**....]
Gold:   174        SH:  0    Dex:  7    Spells: 11/11 levels left

rFire   + . .      SeeInvis +   Y - +0 war axe
rCold   . . .      Faith    .   (no shield)
rNeg    . . .      Spirit   .   d - +0 chain mail
rPois   .          Reflect  .   (helmet unavailable)
rElec   .          Harm     .   m - +0 cloak
rCorr   .          Rampage  .   (no gloves)
Will    +....                   g - +0 pair of boots
Stlth   ..........              (no amulet)
HPRegen 0.23/turn               (no ring)
MPRegen 0.12/turn               (no ring)

@: lethally poisoned (0 -> -14)
A: permanent stasis, dig shafts and tunnels, antennae 3, four strong arms,
clumsy 1, sense surroundings 1
a: Dig, Shaft Self, Renounce Religion, Fiery Armour, Foxfire Swarm, Rising Flame


You were on level 7 of the Dungeon.
You worshipped Ignis.
Ignis was pleased with you.
You visited 1 branch of the dungeon, and saw 7 of its levels.
You also visited: Ossuary.

You collected 476 gold pieces.
You spent 302 gold pieces at shops.


Innate Abilities, Weirdness & Mutations

You cannot be hasted, slowed, berserked, paralysed or teleported.
You can dig through walls and to a lower floor.
You have a pair of large antennae on your head. (SInv)
Your four strong arms can wield two-handed weapons with a shield.
You are clumsy. (Dex -2)
You passively map a small area around you.


   Skills:
 - Level 8.0 Fighting
 + Level 12.0 Axes
 - Level 6.0 Armour
 - Level 1.0 Dodging
 - Level 1.1 Spellcasting
 - Level 3.0 Fire Magic


You had 11 spell levels left.
You didn't know any spells.
Your spell library contained the following spells:

 Spells                   Type           Power      Damage    Failure   Level
 Scorch                   Fire           18%        2d5       63%         2

Inventory:

Hand Weapons
 n - a +0 hand axe of flaming
 Y - a +0 war axe (weapon)
Armour
 d - a +0 chain mail (worn)
 g - a +0 pair of boots (worn)
 m - a +0 cloak (worn)
Jewellery
 b - an amulet of guardian spirit
Wands
 a - a wand of digging (6)
Scrolls
 i - a scroll of brand weapon {unknown}
 l - a scroll of identify
Potions
 c - 2 potions of mutation
 e - a potion of cancellation
 f - a potion of haste
 h - a potion of curing
 j - a potion of invisibility {unknown}
 k - 2 potions of magic {unknown}
 o - a potion of attraction {unknown}
 p - a potion of resistance {unknown}

Dungeon Overview and Level Annotations

Branches:
Dungeon (7/15)             Temple (0/1) D:6         Ossuary (visited)

Altars:
Cheibriados
Hepliaklqana
Makhleb
Qazlal
Ru
Uskayaw
Zin

Shops:
D:1 !   D:6 *

Annotations:
D:3 3 runed translucent doors, qw's ghost, amateur FoCA


Message History

Things that are here:
a +0 dagger; a necrophage skeleton You feel sick.
You feel sick.
You see here a +0 hand axe.
You feel sick.
11577 ||| FLEEEEING.
You feel sick.
Things that are here:
a +0 short sword; 4 poisoned darts You feel sick.
11579 ||| FLEEEEING.
You feel sick.
11580 ||| FLEEEEING.
You feel sick.
You are no longer poisoned.
11584 ||| FLEEEEING.
The kobold brigand throws a curare-tipped dart.
The curare-tipped dart closely misses you.
11585 ||| FLEEEEING.
11586 ||| FLEEEEING.
Enter note:
Enter note:
Enter note:
Found a burning altar of Makhleb.
You start resting.
A kobold brigand is nearby!
11597 ||| FLEEEEING.
11599 ||| FLEEEEING.
11600 ||| FLEEEEING.
11601 ||| FLEEEEING.
The kobold brigand throws a curare-tipped dart.
The curare-tipped dart hits you.
You are poisoned.
You have difficulty breathing.
Your stasis prevents you from being slowed.
11602 ||| FLEEEEING.
You feel very sick.
11603 ||| FLEEEEING.
You die...

#.#...>..#....#.#..K#.{{
#####.#.####.#....#.##.#####
#.[.....# #.#....#K.......#
#.......####.#...........#.#
#..........#.#.........#.#,
#.......##.#...........#.#
#..............P.PPPPP.#.#
#......................# # ,
#..........@...P.PPP.....
#...)..........P.........# ,
#..............P.._..P...# ,
#..............P.....P. *
#.......######.P..PP..
#.......# *....... ,,
#.......# .P..P. #####.###
.... , , #.# * *


There were no monsters in sight!

Vanquished Creatures
  Pikel (D:6)
  Maggie (D:6)
  Grinder (D:6)
  Sigmund (D:6)
  2 water moccasins
  3 ice beasts (D:7)
  2 sky beasts (D:7)
  A black bear (D:7)
  4 ogres
  3 lemures (D:6)
  3 kobold brigands
  A phantom (D:5)
  2 elf zombies (Ossuary)
  4 scorpions
  3 necrophages (D:7)
  A howler monkey (D:3)
  2 centaur zombies (Ossuary)
  6 hounds
  2 human zombies (Ossuary)
  5 orc priests
  4 iguanas
  12 orc wizards
  2 hound zombies (Ossuary)
  4 mummies
  3 gnolls (D:6)
  6 adders
  An ufetubus (D:7)
  An adder zombie (Ossuary)
  A worm (D:3)
  4 dart slugs
  26 orcs
  3 bats
  7 endoplasms
  2 giant cockroaches (D:4)
  A gnoll zombie (Ossuary)
  4 goblins
  9 hobgoblins
  6 jackals
  18 kobolds
  2 quokkas
  7 ball pythons
  5 frilled lizards
  5 goblin zombies (Ossuary)
  5 hobgoblin zombies (Ossuary)
  3 kobold zombies (Ossuary)
  An orc zombie (Ossuary)
  4 quokka zombies (Ossuary)
  6 rats
  4 rat zombies (Ossuary)
204 creatures vanquished.

Vanquished Creatures (others)
  2 fungi (D:3)
  11 plants
13 creatures vanquished.

Grand Total: 217 creatures vanquished

Notes
Turn   | Place    | Note
-------+----------+-------------------------------------------
     0 | D:1      | qw the Formicid Cinder Acolyte began the quest for the Orb.
     0 | D:1      | Reached XP level 1. HP: 18/18 MP: 2/2
     0 | D:1      | 0 ||| qw: Version: 0.1-a-102-g441f92d
     0 | D:1      | 0 ||| qw: Game counter: 5249
     0 | D:1      | 0 ||| qw: Always use a shield: true
     0 | D:1      | 0 ||| qw: God list: Okawaru
     0 | D:1      | 0 ||| qw: Allow faded altars: false
     0 | D:1      | 0 ||| qw: Do Orc after D:15 true
     0 | D:1      | 0 ||| qw: Do second Lair branch before Depths: true
     0 | D:1      | 0 ||| qw: Lair rune preference: random
     0 | D:1      | 0 ||| qw: Plans: Normal
     0 | D:1      | 0 ||| PLANNING D:1-11
   235 | D:1      | Reached XP level 2. HP: 20/24 MP: 3/3
   421 | D:1      | Found Ifrig's Distillery.
   427 | D:1      | 427 ||| SHOPLISTING 2 potions of mutation (224 gold, have
                  | 11).
   427 | D:1      | 427 ||| SHOPLISTING potion of curing (42 gold, have 11).
   427 | D:1      | 427 ||| SHOPLISTING potion of heal wounds (70 gold, have
                  | 11).
   427 | D:1      | 427 ||| SHOPLISTING potion of mutation (112 gold, have 11).
   506 | D:1      | 506 ||| Stepping ~*~*~tactically~*~*~ (stealth).
   507 | D:1      | 507 ||| Stepping ~*~*~tactically~*~*~ (stealth).
   510 | D:1      | 510 ||| Stepping ~*~*~tactically~*~*~ (stealth).
   514 | D:1      | 514 ||| Stepping ~*~*~tactically~*~*~ (stealth).
   845 | D:1      | Reached skill level 4 in Axes
   845 | D:1      | Reached XP level 3. HP: 28/29 MP: 4/4
  1226 | D:1      | Found a faded altar of an unknown god.
  1234 | D:1      | Reached skill level 1 in Dodging
  1484 | D:1      | 1484 ||| READING scroll labelled FUSOITHOEVU.
  1585 | D:1      | 1585 ||| READING scroll labelled JAYV JIRIS.
  1663 | D:2      | 1663 ||| Stepping ~*~*~tactically~*~*~ (hiding).
  1797 | D:2      | 1797 ||| FLEEEEING.
  1798 | D:2      | 1798 ||| FLEEEEING.
  1799 | D:2      | 1799 ||| FLEEEEING.
  1800 | D:2      | 1800 ||| FLEEEEING.
  1801 | D:2      | 1801 ||| FLEEEEING.
  1804 | D:2      | 1804 ||| FLEEEEING.
  1805 | D:2      | 1805 ||| FLEEEEING.
  1956 | D:2      | 1956 ||| Stepping ~*~*~tactically~*~*~ (stealth).
  1958 | D:2      | 1958 ||| Stepping ~*~*~tactically~*~*~ (stealth).
  1992 | D:2      | 1992 ||| INVOKING Fiery Armour.
  1994 | D:2      | Reached XP level 4. HP: 9/35 MP: 5/5
  2879 | D:2      | 2879 ||| UPGRADING to +0 pair of boots.
  2884 | D:2      | 2884 ||| READING scroll labelled VEUXKI CATARY.
  2885 | D:2      | 2885 ||| READING scroll labelled PIEDAVEX RUPEV.
  2886 | D:2      | 2886 ||| DRINKING 2 fuming yellow potions.
  2887 | D:2      | 2887 ||| DRINKING 2 lumpy black potions.
  2888 | D:2      | 2888 ||| DROPPING potion of brilliance.
  2967 | D:3      | 2967 ||| Stepping ~*~*~tactically~*~*~ (stealth).
  2969 | D:3      | 2969 ||| Stepping ~*~*~tactically~*~*~ (stealth).
  2986 | D:3      | 2986 ||| INVOKING Fiery Armour.
  3509 | D:3      | HP: 2/35 [orc/+1 hand axe of distortion (15)]
  3510 | D:3      | 3510 ||| DRINKING potion of heal wounds.
  3591 | D:3      | Found a hide-covered altar of Uskayaw.
  3623 | D:3      | Reached skill level 5 in Axes
  3822 | D:3      | Found a runed translucent gate.
  3824 | D:3      | Found a runed translucent gate.
  3824 | D:3      | Found a runed translucent gate.
  3824 | D:3      | Noticed a kobold brigand
  3824 | D:3      | Noticed qw's ghost (amateur FoCA)
  4173 | D:3      | Found a sacrificial altar of Ru.
  4226 | D:3      | 4226 ||| UPGRADING to +0 scale mail.
  4236 | D:3      | 4236 ||| DROPPING +0 robe.
  4237 | D:3      | 4237 ||| DROPPING +0 leather armour.
  4238 | D:3      | 4238 ||| READING scroll labelled HOBROYNYLAU.
  4239 | D:3      | 4239 ||| READING scroll labelled TANIYTRIKKE.
  4271 | D:4      | 4271 ||| STAIRDANCE
  4273 | D:4      | 4273 ||| STAIRDANCE
  4278 | D:3      | Reached XP level 5. HP: 35/41 MP: 6/6
  4380 | D:4      | 4380 ||| STAIRDANCE
  4385 | D:3      | 4385 ||| INVOKING Fiery Armour.
  4639 | D:4      | 4639 ||| STAIRDANCE
  4715 | D:4      | 4715 ||| STAIRDANCE
  4776 | D:4      | 4776 ||| STAIRDANCE
  4832 | D:4      | 4832 ||| Stepping ~*~*~tactically~*~*~ (hiding).
  4833 | D:4      | 4833 ||| INVOKING Fiery Armour.
  4840 | D:4      | Reached XP level 6. HP: 37/47 MP: 7/7
  4845 | D:4      | Reached skill level 6 in Axes
  4878 | D:4      | 4878 ||| Stepping ~*~*~tactically~*~*~ (stealth).
  4967 | D:4      | 4967 ||| Stepping ~*~*~tactically~*~*~ (stealth).
  4975 | D:4      | 4975 ||| Stepping ~*~*~tactically~*~*~ (stealth).
  4976 | D:4      | 4976 ||| Stepping ~*~*~tactically~*~*~ (stealth).
  4979 | D:4      | 4979 ||| Stepping ~*~*~tactically~*~*~ (hiding).
  4994 | D:4      | 4994 ||| FLEEEEING.
  5003 | D:4      | 5003 ||| STAIRDANCE
  5124 | D:4      | 5124 ||| STAIRDANCE
  5207 | D:4      | Found a stormy altar of Qazlal.
  5249 | D:4      | Noticed an ogre
  5265 | D:4      | Killed an ogre
  5304 | D:4      | 5304 ||| FLEEEEING.
  5307 | D:4      | 5307 ||| FLEEEEING.
  5316 | D:4      | 5316 ||| STAIRDANCE
  5432 | D:4      | 5432 ||| Stepping ~*~*~tactically~*~*~ (stealth).
  5458 | D:4      | Reached XP level 7. HP: 54/55 MP: 8/8
  5508 | D:4      | 5508 ||| INVOKING Fiery Armour.
  5516 | D:4      | HP: 10/55 [scorpion (6)]
  5792 | D:4      | 5792 ||| Stepping ~*~*~tactically~*~*~ (hiding).
  5793 | D:4      | 5793 ||| Stepping ~*~*~tactically~*~*~ (hiding).
  5794 | D:4      | 5794 ||| Stepping ~*~*~tactically~*~*~ (hiding).
  5797 | D:4      | 5797 ||| INVOKING Fiery Armour.
  5806 | D:4      | 5806 ||| Stepping ~*~*~tactically~*~*~ (hiding).
  5815 | D:4      | Reached skill level 7 in Axes
  5815 | D:4      | HP: 11/55 [frozen (5)]
  5823 | D:4      | HP: 6/55 [orc priest/+0 dagger (2)]
  6022 | D:4      | 6022 ||| Stepping ~*~*~tactically~*~*~ (stealth).
  6023 | D:4      | 6023 ||| Stepping ~*~*~tactically~*~*~ (stealth).
  6024 | D:4      | 6024 ||| Stepping ~*~*~tactically~*~*~ (stealth).
  6029 | D:4      | 6029 ||| Stepping ~*~*~tactically~*~*~ (stealth).
  6092 | D:4      | 6092 ||| Stepping ~*~*~tactically~*~*~ (stealth).
  6326 | D:4      | 6326 ||| Stepping ~*~*~tactically~*~*~ (stealth).
  6328 | D:4      | 6328 ||| Stepping ~*~*~tactically~*~*~ (hiding).
  6329 | D:4      | 6329 ||| Stepping ~*~*~tactically~*~*~ (hiding).
  6408 | D:4      | 6408 ||| READING scroll labelled EBATAOPULI.
  6409 | D:4      | 6409 ||| DRINKING 2 puce potions.
  6433 | D:5      | Entered Level 5 of the Dungeon
  6454 | D:5      | 6454 ||| INVOKING Fiery Armour.
  6455 | D:5      | Reached XP level 8. HP: 28/61 MP: 9/9
  6515 | D:5      | Reached skill level 8 in Axes
  6515 | D:5      | HP: 13/61 [ogre/+0 giant club (14)]
  6548 | D:5      | 6548 ||| FLEEEEING.
  6549 | D:5      | 6549 ||| FLEEEEING.
  6550 | D:5      | 6550 ||| STAIRDANCE
  7064 | D:5      | 7064 ||| INVOKING Fiery Armour.
  7161 | D:5      | 7161 ||| FLEEEEING.
  7162 | D:5      | 7162 ||| FLEEEEING.
  7163 | D:5      | 7163 ||| FLEEEEING.
  7164 | D:5      | 7164 ||| FLEEEEING.
  7165 | D:5      | 7165 ||| FLEEEEING.
  7167 | D:5      | 7167 ||| FLEEEEING.
  7168 | D:5      | 7168 ||| FLEEEEING.
  7169 | D:5      | 7169 ||| FLEEEEING.
  7170 | D:5      | 7170 ||| FLEEEEING.
  7171 | D:5      | 7171 ||| FLEEEEING.
  7172 | D:5      | 7172 ||| FLEEEEING.
  7173 | D:5      | 7173 ||| FLEEEEING.
  7174 | D:5      | 7174 ||| STAIRDANCE
  7252 | D:4      | 7252 ||| READING scroll labelled OMEMYW FUEQU.
  7419 | D:5      | 7419 ||| Stepping ~*~*~tactically~*~*~ (stealth).
  7425 | D:5      | 7425 ||| Stepping ~*~*~tactically~*~*~ (stealth).
  7435 | D:5      | Reached skill level 9 in Axes
  7461 | D:5      | 7461 ||| INVOKING Fiery Armour.
  7692 | D:5      | Found a hazy altar of Hepliaklqana.
  8096 | D:5      | 8096 ||| UPGRADING to +0 chain mail.
  8106 | D:5      | 8106 ||| DROPPING +0 scale mail.
  8107 | D:5      | 8107 ||| READING scroll labelled MIPNUTOUSU.
  8108 | D:5      | 8108 ||| DRINKING 2 grey potions.
  8125 | D:6      | Found Kisy's General Store.
  8126 | D:6      | 8126 ||| PLANNING OSSUARY
  8128 | D:6      | 8128 ||| STAIRDANCE
  8197 | D:6      | 8197 ||| STAIRDANCE
  8202 | D:6      | 8202 ||| STAIRDANCE
  8209 | D:6      | 8209 ||| STAIRDANCE
  8227 | D:5      | Reached skill level 3 in Armour
  8384 | D:6      | 8384 ||| STAIRDANCE
  8433 | D:6      | 8433 ||| SHOPLISTING amulet of reflection (360 gold, have
                  | 324).
  8433 | D:6      | 8433 ||| BUYING wand of digging (6) (302 gold).
  8433 | D:6      | Bought a wand of digging (6) for 302 gold pieces
  8474 | D:6      | Reached skill level 6 in Fighting
  8474 | D:6      | Reached XP level 9. HP: 49/69 MP: 10/10
  8603 | D:6      | Found a sand-covered staircase.
  8652 | Ossuary  | Entered an ossuary
  8713 | Ossuary  | 8713 ||| Stepping ~*~*~tactically~*~*~ (stealth).
  9323 | Ossuary  | 9323 ||| READING scroll labelled LUORRO IZUCS.
  9324 | Ossuary  | 9324 ||| READING scroll labelled JUASCH QECE.
  9325 | Ossuary  | 9325 ||| DRINKING 2 fuming purple potions.
  9325 | Ossuary  | Gained mutation: You are clumsy. (Dex -2) [potion of
                  | mutation]
  9325 | Ossuary  | Gained mutation: You passively map a small area around you.
                  | [potion of mutation]
  9326 | Ossuary  | 9326 ||| DRINKING 2 ruby potions.
  9327 | Ossuary  | 9327 ||| READING 2 scrolls of identify.
  9327 | Ossuary  | 9327 ||| IDENTIFYING bubbling golden potion
  9328 | Ossuary  | 9328 ||| DROPPING potion of lignification.
  9329 | Ossuary  | 9329 ||| DROPPING potion of flight.
  9340 | D:6      | 9340 ||| PLANNING D:1-11
  9354 | D:6      | 9354 ||| Stepping ~*~*~tactically~*~*~ (stealth).
  9586 | D:6      | Found a staircase to the Ecumenical Temple.
  9601 | D:6      | 9601 ||| Stepping ~*~*~tactically~*~*~ (hiding).
  9706 | D:6      | 9706 ||| SWAPPING to +0 war axe.
  9736 | D:6      | Noticed Sigmund
  9740 | D:6      | 9740 ||| DRINKING 3 potions of curing.
  9740 | D:6      | 9740 ||| (to cure confusion)
  9748 | D:6      | Killed Sigmund
  9749 | D:6      | Reached skill level 10 in Axes
  9869 | D:6      | Noticed Grinder
  9880 | D:6      | Killed Grinder
 10195 | D:6      | Found a snail-covered altar of Cheibriados.
 10195 | D:6      | Found a glowing silver altar of Zin.
 10228 | D:6      | 10228 ||| FLEEEEING.
 10229 | D:6      | 10229 ||| FLEEEEING.
 10229 | D:6      | Noticed Pikel
 10230 | D:6      | 10230 ||| FLEEEEING.
 10231 | D:6      | 10231 ||| FLEEEEING.
 10238 | D:6      | 10238 ||| FLEEEEING.
 10239 | D:6      | 10239 ||| FLEEEEING.
 10240 | D:6      | 10240 ||| FLEEEEING.
 10241 | D:6      | 10241 ||| FLEEEEING.
 10242 | D:6      | 10242 ||| FLEEEEING.
 10243 | D:6      | 10243 ||| FLEEEEING.
 10244 | D:6      | 10244 ||| FLEEEEING.
 10245 | D:6      | 10245 ||| FLEEEEING.
 10246 | D:6      | 10246 ||| FLEEEEING.
 10247 | D:6      | 10247 ||| FLEEEEING.
 10248 | D:6      | 10248 ||| FLEEEEING.
 10249 | D:6      | 10249 ||| FLEEEEING.
 10250 | D:6      | 10250 ||| FLEEEEING.
 10251 | D:6      | 10251 ||| FLEEEEING.
 10252 | D:6      | 10252 ||| FLEEEEING.
 10253 | D:6      | 10253 ||| FLEEEEING.
 10254 | D:6      | 10254 ||| FLEEEEING.
 10255 | D:6      | 10255 ||| FLEEEEING.
 10256 | D:6      | 10256 ||| FLEEEEING.
 10257 | D:6      | 10257 ||| FLEEEEING.
 10258 | D:6      | 10258 ||| FLEEEEING.
 10259 | D:6      | 10259 ||| FLEEEEING.
 10260 | D:6      | 10260 ||| FLEEEEING.
 10261 | D:6      | 10261 ||| FLEEEEING.
 10262 | D:6      | 10262 ||| FLEEEEING.
 10263 | D:6      | 10263 ||| FLEEEEING.
 10264 | D:6      | 10264 ||| FLEEEEING.
 10265 | D:6      | 10265 ||| FLEEEEING.
 10266 | D:6      | 10266 ||| FLEEEEING.
 10267 | D:6      | 10267 ||| FLEEEEING.
 10268 | D:6      | 10268 ||| FLEEEEING.
 10274 | D:6      | Killed Pikel
 10514 | D:6      | Noticed Maggie
 10523 | D:6      | 10523 ||| INVOKING Fiery Armour.
 10527 | D:6      | HP: 16/72 [Maggie/+1 glaive of pain (5)]
 10528 | D:6      | 10528 ||| DRINKING potion of heal wounds.
 10532 | D:6      | Killed Maggie
 10533 | D:6      | Reached skill level 11 in Axes
 10533 | D:6      | Reached XP level 10. HP: 37/79 MP: 11/11
 10715 | D:6      | 10715 ||| UPGRADING to +0 cloak.
 10720 | D:6      | 10720 ||| READING scroll labelled YRPHOSS HOOLA.
 10721 | D:6      | 10721 ||| READING 3 scrolls of identify.
 10721 | D:6      | 10721 ||| IDENTIFYING fizzy sapphire potion
 10722 | D:6      | 10722 ||| READING 2 scrolls of identify.
 10722 | D:6      | 10722 ||| IDENTIFYING coppery potion
 10723 | D:6      | 10723 ||| DROPPING potion of berserk rage.
 10993 | D:7      | 10993 ||| DRINKING 2 potions of curing.
 10993 | D:7      | 10993 ||| (to cure confusion)
 11034 | D:7      | 11034 ||| Stepping ~*~*~tactically~*~*~ (hiding).
 11155 | D:7      | 11155 ||| Stepping ~*~*~tactically~*~*~ (stealth).
 11208 | D:7      | 11208 ||| Stepping ~*~*~tactically~*~*~ (stealth).
 11232 | D:7      | 11232 ||| Stepping ~*~*~tactically~*~*~ (stealth).
 11248 | D:7      | Reached skill level 12 in Axes
 11274 | D:7      | 11274 ||| FLEEEEING.
 11275 | D:7      | 11275 ||| FLEEEEING.
 11276 | D:7      | 11276 ||| FLEEEEING.
 11277 | D:7      | 11277 ||| FLEEEEING.
 11284 | D:7      | 11284 ||| FLEEEEING.
 11424 | D:7      | 11424 ||| Stepping ~*~*~tactically~*~*~ (stealth).
 11460 | D:7      | Reached skill level 6 in Armour
 11561 | D:7      | 11561 ||| FLEEEEING.
 11562 | D:7      | 11562 ||| FLEEEEING.
 11563 | D:7      | 11563 ||| FLEEEEING.
 11564 | D:7      | 11564 ||| FLEEEEING.
 11565 | D:7      | 11565 ||| FLEEEEING.
 11567 | D:7      | 11567 ||| FLEEEEING.
 11568 | D:7      | 11568 ||| FLEEEEING.
 11569 | D:7      | 11569 ||| FLEEEEING.
 11573 | D:7      | 11573 ||| FLEEEEING.
 11574 | D:7      | HP: 19/80 [poisoned by a kobold brigand (curare-tipped
                  | dart)]
 11577 | D:7      | 11577 ||| FLEEEEING.
 11579 | D:7      | 11579 ||| FLEEEEING.
 11579 | D:7      | HP: 16/80 [poisoned by a kobold brigand (curare-tipped
                  | dart)]
 11580 | D:7      | 11580 ||| FLEEEEING.
 11584 | D:7      | 11584 ||| FLEEEEING.
 11585 | D:7      | 11585 ||| FLEEEEING.
 11586 | D:7      | 11586 ||| FLEEEEING.
 11595 | D:7      | Found a burning altar of Makhleb.
 11597 | D:7      | 11597 ||| FLEEEEING.
 11599 | D:7      | 11599 ||| FLEEEEING.
 11600 | D:7      | 11600 ||| FLEEEEING.
 11601 | D:7      | 11601 ||| FLEEEEING.
 11601 | D:7      | HP: 8/80 [asphyx]
 11602 | D:7      | 11602 ||| FLEEEEING.
 11602 | D:7      | HP: 3/80 [poisoned by a kobold brigand (curare-tipped
                  | dart)]
 11603 | D:7      | 11603 ||| FLEEEEING.
 11603 | D:7      | Succumbed to a kobold brigand's curare-tipped dart

Levels and vault maps discovered:
D:1:      lemuel_arrival_hallway, layout_basic, ebering_ecumenical_altar_webs,
          serial_shops, shop, dk_noncrumbling_2
D:2:      layout_loops_ring, kennysheep_generic_room_12
D:3:      layout_loops_ring, mainiacjoe_overflow_swirl,
          gammafunk_ghost_nasty_kobolds, mrwooster_statue_mirror
D:4:      layout_cave_pools, nicolae_qazlal_scattered_showers,
          minmay_diced_spiral
D:5:      layout_basic, mainiacjoe_overflow_tiny_flanked, chequers_mini_garden,
          kennysheep_generic_room_10
D:6:      layout_basic, nicolae_overflow_two_pavilions,
          minmay_temple_entry_waves, serial_shops, shop,
          gup_ossuary_entry_pyramid, uniq_maggie, uniq_pikel, uniq_grinder,
          uniq_sigmund
D:7:      minmay_octagon_keep, layout_basic, mainiacjoe_overflow_cross_hatched,
          nicolae_elemental_shop

Skill      XL: |  1  2  3  4  5  6  7  8  9 10 |
---------------+-------------------------------+-----
Axes           | 4 5 6 7 9 11 12 | 12.0
Dodging        | 1 |  1.0
Armour         | 2 3 4 6 |  6.0
Fighting       | 4 6 7 8 |  8.0
Spellcasting   | |  1.1
Fire Magic     | |  3.0

Action                   |  1- 3 |  4- 6 |  7- 9 | 10-12 || total
-------------------------+-------+-------+-------+-------++-------
Melee: Hand axe          |   107 |   144 |   446 |       ||   697
       Punch             |       |       |     4 |     3 ||     7
       War axe           |       |       |    60 |   158 ||   218
Invok: Fiery Armour      |     1 |     3 |     6 |       ||    10
  Use: Scroll            |     2 |     4 |     6 |     3 ||    15
       Potion            |       |     3 |     6 |     1 ||    10
Armor: Robe              |    11 |     6 |       |       ||    17
       Scale mail        |       |    54 |    78 |       ||   132
       Chain mail        |       |       |   114 |    70 ||   184
Dodge: Dodged            |    50 |    78 |   173 |    61 ||   362

Table legend:
 A = Non-vault XP
 B = Vault XP
 C = Vault XP percentage of total XP
 D = Non-vault monster count
 E = Vault monster count
 F = Vault count percentage of total count
                 A         B        C        D         E       F
            +---------+---------+-------+---------+---------+-------
      Total |    2976 |    2989 |  50.1 |     149 |      52 |  25.9
            +---------+---------+-------+---------+---------+-------
        D:1 |      46 |       0 |   0.0 |      26 |       0 |   0.0
        D:2 |      58 |       0 |   0.0 |      12 |       0 |   0.0
        D:3 |     143 |       0 |   0.0 |      20 |       0 |   0.0
        D:4 |     473 |     220 |  31.7 |      22 |       5 |  18.5
        D:5 |     840 |     118 |  12.3 |      33 |       1 |   2.9
        D:6 |     178 |    1537 |  89.6 |       9 |       5 |  35.7
        D:7 |    1238 |     633 |  33.8 |      27 |       6 |  18.2
    Ossuary |       0 |     481 | 100.0 |       0 |      35 | 100.0
            +---------+---------+-------+---------+---------+-------
